 Dungeon Sprint DCSS version 0.28-a0-919-g0b5b508569 (webtiles) character file.

Game seed: 13050026636418962316

140 SmokeWeed the Slasher (level 5, -1/42 HPs)
             Began as a Demonspawn Gladiator on Nov 25, 2021.
             Was an Initiate of Qazlal.
             Slain by a two-headed ogre (15 damage)
             ... in the Dungeon (Sprint IX: "|||||||||||||||||||||||||||||").
             The game lasted 00:02:06 (480 turns).

SmokeWeed the Slasher (Demonspawn Gladiator)         Turns: 480, Time: 00:02:06

Health: -1/42      AC:  9    Str: 16    XL:     5   Next: 2%
Magic:  5/5        EV: 11    Int: 15    God:    Qazlal [......]
Gold:   0          SH:  6    Dex: 14    Spells: 4/4 levels left

rFire   . . .      SeeInvis .   n - +2 scimitar (flame)
rCold   . . .      Faith    .   (no shield)
rNeg    . . .      Spirit   .   p - +1 scale mail
rPois   .          Reflect  .   c - +0 helmet
rElec   .          Harm     .   (no cloak)
rCorr   .          Rampage  .   (no gloves)
Will    .....      NoTele   +   o - +0 pair of boots
Stlth   ..........              (no amulet)
HPRegen 0.14/turn               q - +3 ring of intelligence
MPRegen 0.09/turn               r - +3 ring of intelligence

@: mighty
A: large bone plates 2, powered by pain 2
a: Renounce Religion


You were in the Dungeon.
You worshipped Qazlal.
Qazlal was noncommittal.
You visited 1 branch

Inventory:

Hand Weapons
 a - a +0 long sword
 n - a +2 scimitar of flaming (weapon)
Missiles
 d - a throwing net
Armour
 b - a +0 leather armour
 c - a +0 helmet (worn)
 o - a +0 pair of boots (worn)
 p - a +1 scale mail (worn)
Jewellery
 q - a +3 ring of intelligence (left hand)
 r - a +3 ring of intelligence (right hand)
Wands
 m - a wand of acid (8) (quivered)
Scrolls
 j - 2 scrolls of blinking
 l - 2 scrolls of amnesia
Potions
 e - 5 potions of curing
 f - 3 potions of heal wounds
 g - a potion of haste
 h - 4 potions of magic
 i - a potion of berserk rage
 k - a potion of invisibility


   Skills:
 + Level 3.8 Fighting
 + Level 6.4 Long Blades
 + Level 3.3 Throwing
 + Level 1.4 Armour
 + Level 5.8 Dodging
 + Level 1.0 Stealth


You had 4 spell levels left.
You didn't know any spells.
Your spell library was empty.

Dungeon Overview and Level Annotations

Branches:
Dungeon (1/1)

Altars:
Cheibriados
Dithmenos
Elyvilon
Fedhas
Gozag
Hepliaklqana
Kikubaaqudgha
Makhleb
Nemelex Xobeh
Okawaru
Qazlal
Ru
Sif Muna
Trog
Uskayaw
Vehumet
Wu Jian
Xom
Yredelemnul
Zin
The Shining One
Beogh
Jiyva
Lugonu


Innate Abilities, Weirdness & Mutations

You are mostly covered in large bone plates. (SH +6)
You sometimes gain power by taking damage.


Message History

r - a +3 ring of intelligence (right hand) As you open the door, it creaks loudly!
A steam dragon, a gargoyle, a kobold demonologist, 2 two-headed ogres and a wight come into view.
The gargoyle is wielding a +0 mace of draining.
The kobold demonologist is wielding a +0 dagger and wearing a +1 robe of positive energy.
The two-headed ogre shouts in stereo!
The kobold demonologist shouts!
The steam dragon hisses angrily.
The two-headed ogre shouts in stereo!
The kobold demonologist mumbles some strange words.
Aiming: Corrosive Bolt
Press: ? - help, Q - select action, (/) - cycle Shift-Dir - straight line, f - kobold demonologist
Aim: a kobold demonologist, wielding a +0 dagger and wearing a +1 robe of positive energy (60% to hit)
The bolt of acid hits the two-headed ogre!
The two-headed ogre is lightly wounded.
The bolt of acid hits the gargoyle!
The acid corrodes the gargoyle!
The gargoyle is heavily damaged.
The bolt of acid hits the wight!
The acid corrodes the wight!
The wight is severely damaged.
The bolt of acid hits the kobold demonologist!
The acid corrodes the kobold demonologist!
The kobold demonologist is moderately wounded.
The two-headed ogre hits you with a +0 giant club!
You focus on the pain.
You feel very mighty all of a sudden.
The two-headed ogre hits you with a +0 giant club!
You focus on the pain.
You feel mightier all of a sudden.
Aiming: Corrosive Bolt
Press: ? - help, Q - select action, (/) - cycle Shift-Dir - straight line, f/p - kobold demonologist
Aim: a kobold demonologist, wielding a +0 dagger and wearing a +1 robe of positive energy (moderately wounded, covered in acid, 60% to hit)
The bolt of acid hits the two-headed ogre!
The two-headed ogre is moderately wounded.
The bolt of acid hits the gargoyle!
You destroy the gargoyle!
Qazlal accepts your kill.
The bolt of acid hits the wight!
You destroy the wight!
Qazlal accepts your kill.
The bolt of acid misses the kobold demonologist.
The kobold demonologist miscasts a cantrip.
The two-headed ogre hits you with a +0 giant club!
You die...

▓.▓
▓.▓
▓)▓
▓.▓
▓[▓
▓.▓
▓.▓
▓.▓
▓@▓
▓O▓
▓)▓
▓.▓
▓)▓
▓K▓
▓O▓
▓D▓


You could see 2 two-headed ogres, a kobold demonologist (corroded) and a steam
dragon.

Vanquished Creatures
  A gargoyle (D)
  A black bear (D)
  A wight (D)
  A hound (D)
  2 adders (D)
  An endoplasm (D)
  A ball python (D)
  A bat (D)
  2 goblins (D)
  A jackal zombie (D)
12 creatures vanquished.

Notes
Turn   | Place    | Note
-------+----------+-------------------------------------------
     0 | D        | SmokeWeed the Demonspawn Gladiator began the quest for the
                  | Orb.
     0 | D        | Reached XP level 1. HP: 16/16 MP: 1/1
     9 | D        | Reached skill level 3 in Long Blades
   123 | D        | Noticed a hound
   123 | D        | Noticed a black bear
   130 | D        | Gained mutation: You sometimes gain a little power by
                  | taking damage. [demonic ancestry]
   130 | D        | Reached XP level 2. HP: 22/23 MP: 2/2
   133 | D        | Reached skill level 4 in Long Blades
   139 | D        | Reached skill level 5 in Long Blades
   139 | D        | Gained mutation: You sometimes gain power by taking damage.
                  | [demonic ancestry]
   139 | D        | Reached XP level 3. HP: 10/29 MP: 3/3
   144 | D        | Killed a black bear
   145 | D        | Reached skill level 6 in Long Blades
   145 | D        | Reached skill level 1 in Armour
   145 | D        | Reached skill level 5 in Dodging
   145 | D        | Reached skill level 1 in Stealth
   145 | D        | Gained mutation: You are partially covered in large bone
                  | plates. (SH +4) [demonic ancestry]
   145 | D        | Reached XP level 4. HP: 6/37 MP: 4/4
   145 | D        | Gained mutation: You are mostly covered in large bone
                  | plates. (SH +6) [demonic ancestry]
   145 | D        | Reached XP level 5. HP: 7/42 MP: 5/5
   412 | D        | Found a snail-covered altar of Cheibriados.
   412 | D        | Found a shadowy altar of Dithmenos.
   412 | D        | Found a blossoming altar of Fedhas.
   412 | D        | Found an opulent altar of Gozag.
   413 | D        | Found a hazy altar of Hepliaklqana.
   414 | D        | Found a viscous altar of Jiyva.
   415 | D        | Found an ancient bone altar of Kikubaaqudgha.
   416 | D        | Found a corrupted altar of Lugonu.
   417 | D        | Found a burning altar of Makhleb.
   418 | D        | Found a sparkling altar of Nemelex Xobeh.
   419 | D        | Found an iron altar of Okawaru.
   420 | D        | Found a stormy altar of Qazlal.
   421 | D        | Found a sacrificial altar of Ru.
   422 | D        | Found a shimmering blue altar of Sif Muna.
   423 | D        | Found a bloodstained altar of Trog.
   424 | D        | Found a hide-covered altar of Uskayaw.
   425 | D        | Found a radiant altar of Vehumet.
   426 | D        | Found an ornate altar of the Wu Jian Council.
   427 | D        | Found a shimmering altar of Xom.
   428 | D        | Became a worshipper of Qazlal Stormbringer
   429 | D        | Found a basalt altar of Yredelemnul.
   478 | D        | Noticed a two-headed ogre
   478 | D        | Noticed a gargoyle
   478 | D        | Noticed a kobold demonologist
   478 | D        | Noticed a steam dragon
   478 | D        | Noticed a two-headed ogre
   480 | D        | Killed a gargoyle
   480 | D        | Slain by a two-headed ogre

Illustrated notes

Levels and vault maps discovered:
D:        linesprint [early_d, line_temple, items_1, d_10, items_2, lair_1,
          lair_end, items_3, orc_1, orc_end, items_4, d_15, swamp_1, shoals_1,
          snake_1, spider_1, d_20, vaults_1, items_5, swamp_end, shoals_end,
          snake_end, spider_end, vaults_end, d_27, items_6, zot_1, zot_end,
          crypt_end, forest_end, elf_end, slime_end, tomb_end, abyss_end,
          pan_hell_end]

Skill      XL: |  1  2  3 |
---------------+----------+-----
Long Blades    | 3 5 6 |  6.4
Dodging        | 3 4 5 |  5.8
Throwing       | 2 3 |  3.3
Fighting       | 3 |  3.8
Armour         | 1 |  1.4
Stealth        | 1 |  1.0

Action                   |  1- 3 |  4- 6 || total
-------------------------+-------+-------++-------
Melee: Long sword        |    26 |     4 ||    30
Throw: Throwing net      |     2 |       ||     2
Evoke: Wand              |       |     2 ||     2
 Stab: Held in net/web   |     1 |       ||     1
Armor: Leather armour    |    10 |       ||    10
Dodge: Dodged            |    17 |     1 ||    18
Block: Other             |       |     3 ||     3

Table legend: (Time is in decaauts)
 A = Elapsed time spent in this place.
 B = Non-inter-level travel time spent in this place.
 C = Inter-level travel time spent in this place.
 D = Time resting spent in this place.
 E = Time spent auto-exploring this place.
 F = Levels seen in this place.
 G = Mean time per level.
                   A        B        C        D        E       F      G
               +--------+--------+--------+--------+--------+-----+--------+
         Total |    483 |    483 |      0 |    347 |      0 |   1 |  483.0 |
       Dungeon |    483 |    483 |      0 |    347 |      0 |   1 |  483.0 |
               +--------+--------+--------+--------+--------+-----+--------+

Top non-repeatable levels by time:
       D: 483 daAuts
